Map: King's Cove LE

Players

Keystone - Winner!

  • Race: Zerg Zerg
  • League: Diamond
  • Spawn Location: 5:00

Cliggity

  • Race: Protoss Protoss
  • League: Diamond
  • Spawn Location: 11:00

VOD

Have the link to the VOD?

Description

Time

  • Played on: Jan. 30, 2019, 9:50 p.m.
  • Length: 11:33
Show
View Real Time Build Order
Export as new Build Order

Keystone Zerg - Winner!

Build Orders: Hatch First, Roach Hydra 

Get SALT Encoding   

  12  0:01  Drone  
  13  0:13  Overlord  
  13  0:18  Drone  
  14  0:32  Drone x2  
  16  0:36  Drone  
  17  0:54  Hatchery  
  16  0:58  Drone  
  16  1:01  Drone  
  16  1:04  Extractor  
  17  1:19  Spawning Pool  
  17  1:21  Drone  
  17  1:25  Drone  
  18  1:29  Drone  
  19  1:40  Overlord  
  19  2:05  Metabolic Boost  
  19  2:06  Queen x2  
  23  2:09  Drone  
  23  2:12  Drone  
  25  2:15  Drone  
  25  2:20  Drone  
  27  2:29  Drone x3  
  31  2:37  Drone  
  31  2:42  Queen  
  33  2:48  Zergling x4  
  35  3:04  Hatchery  
  34  3:06  Zergling x2  
  34  3:07  Zergling x2  
  36  3:19  Overlord  
  36  3:21  Roach Warren  
  36  3:25  Drone  
  36  3:31  Overlord  
  36  3:38  Overlord  
  36  3:39  Overlord  
  36  3:43  Drone x3  
  39  3:54  Overlord  
  39  3:56  Lair  
  39  3:59  Drone  
  40  4:05  Spore Crawler  
  40  4:06  Spore Crawler  
  40  4:07  Drone  
  39  4:10  Drone  
  39  4:13  Drone  
  39  4:15  Drone  
  42  4:26  Overlord  
  42  4:34  Queen  
  44  4:40  Drone x2  
  44  4:41  Drone x6  
  52  4:53  Roach x4  
  52  4:59  Overlord, Hydralisk Den  
  59  5:09  Extractor  
  59  5:10  Drone, Evolution Chamber  
  59  5:11  Drone x2, Evolution Chamber  
  60  5:14  Drone x2  
  60  5:15  Drone  
  61  5:29  Muscular Augments  
  61  5:37  Roach x6  
  61  5:41  Overlord x2  
  73  5:50  Extractor x2, Glial Reconstitution  
  73  5:54  Drone x3  
  74  6:12  Zerg Missile Weapons Level 1  
  74  6:17  Drone x3  
  74  6:18  Drone x3  
  76  6:19  Drone x9  
  76  6:20  Drone  
  86  6:35  Hatchery  
  86  6:36  Zerg Ground Armor Level 1, Overlord x2  
  85  6:48  Extractor  
  85  6:49  Drone x3, Extractor  
  85  6:50  Drone x3  
  85  6:53  Spore Crawler, Drone x2  
  85  6:54  Drone  
  90  6:59  Hydralisk x2  
  90  7:00  Hydralisk x2  
  98  7:07  Grooved Spines  
  97  7:10  Hydralisk  
  97  7:12  Overlord  
  97  7:13  Overlord  
  95  7:20  Queen  
  95  7:34  Hydralisk  
  95  7:35  Hydralisk x6  
  97  7:45  Overlord x2  
  97  7:49  Drone x2  
  97  7:50  Drone  
  100  7:51  Hydralisk, Drone x2  
  102  8:00  Queen  
  102  8:01  Drone x2  
  102  8:04  Queen  
  102  8:05  Drone x7  
  113  8:22  Zerg Missile Weapons Level 2  
  113  8:23  Hydralisk x3  
  113  8:24  Overlord  
  113  8:25  Overlord x2  
  119  8:32  Pneumatized Carapace, Overlord x2  
  117  8:42  Hydralisk x4  
  117  8:43  Hydralisk  
  127  8:50  Hydralisk x4  
  120  9:02  Hydralisk  
  120  9:03  Hydralisk x5  
  120  9:05  Roach  
  124  9:11  Roach  
  124  9:12  Roach x3  
  128  9:21  Hydralisk x5  
  136  9:36  Drone x5  
  136  9:38  Hydralisk x5  
  147  9:45  Hydralisk  
  147  9:46  Hydralisk x2  
  147  9:48  Spore Crawler  
  147  9:50  Extractor x2  
  150  9:53  Overlord x2  
  150  10:02  Hydralisk  
  150  10:05  Hydralisk  
  150  10:06  Zergling x2  
  150  10:07  Zergling x10  
  160  10:17  Hydralisk x2  
  164  10:26  Hydralisk x5  
  174  10:30  Overlord x2  
  174  10:31  Overlord x2  
  172  10:41  Hydralisk x3  
  168  10:47  Hydralisk  
  168  10:52  Hydralisk x2  
  168  10:56  Hydralisk x2  
  170  11:00  Hydralisk x2  
  170  11:01  Hydralisk  
  164  11:04  Drone  
  164  11:05  Drone x5  
  164  11:06  Drone  
  159  11:12  Zergling x4  
Show
View Real Time Build Order
Export as new Build Order

Cliggity Protoss 

Build Orders: 1 Gate Expand, Phoenix Opening 

Get SALT Encoding   

  12  0:00  Probe  
  13  0:12  Probe  
  14  0:19  Pylon  
  14  0:24  Probe  
  15  0:35  Probe  
  15  0:40  Gateway  
  16  0:43  Probe  
  16  0:49  Assimilator  
  17  0:54  Probe  
  18  1:06  Probe  
  19  1:18  Probe  
  20  1:28  Nexus  
  20  1:39  Cybernetics Core  
  20  1:44  Assimilator  
  20  1:47  Probe  
  21  1:55  Pylon  
  21  2:08  Probe  
  22  2:16  Stargate  
  22  2:24  Gateway  
  22  2:26  Warp Gate  
  22  2:32  Adept  
  22  2:36  Probe  
  24  2:38  Probe  
  26  2:44  Probe  
  26  2:46  Probe  
  28  2:54  Probe  
  28  2:55  Probe  
  30  2:59  Phoenix  
  31  3:06  Probe  
  31  3:12  Adept, Probe  
  34  3:14  Probe  
  36  3:20  Probe  
  36  3:25  Phoenix  
  39  3:28  Probe  
  39  3:29  Probe  
  41  3:35  Assimilator  
  41  3:37  Assimilator  
  41  3:46  Probe  
  42  3:50  Phoenix  
  44  4:08  Probe  
  44  4:09  Probe  
  46  4:18  Pylon  
  46  4:19  Pylon  
  46  4:36  Phoenix, Probe x2  
  50  4:39  Stargate  
  50  4:48  Probe  
  51  5:06  Phoenix  
  51  5:14  Adept x2  
  55  5:43  Phoenix x2  
  55  5:46  Nexus  
  55  5:48  Pylon  
  59  5:50  Gateway  
  59  5:51  Pylon  
  59  5:52  Gateway, Probe x2  
  59  5:55  Gateway  
  61  5:58  Gateway  
  61  6:00  Gateway  
  61  6:04  Pylon, Probe x2  
  60  6:05  Pylon  
  60  6:07  Pylon  
  62  6:12  Twilight Council  
  62  6:20  Probe x2  
  62  6:21  Phoenix x2  
  68  6:32  Adept x2, Probe x2  
  74  6:33  Forge  
  74  7:02  Protoss Ground Weapons Level 1  
  74  7:03  Probe x2  
  74  7:04  Probe  
  77  7:11  Charge  
  77  7:14  Probe x3  
  77  7:22  Probe x3  
  83  7:47  Phoenix  
  83  8:03  Zealot x7  
  97  8:18  Gateway  
  97  8:19  Gateway, Pylon  
  97  8:20  Pylon, Probe  
  97  8:21  Probe x2  
  97  8:22  Pylon  
  97  8:23  Assimilator  
  97  8:25  Assimilator  
  100  8:28  Pylon  
  100  8:31  Pylon  
  100  8:32  Probe  
  100  8:33  Probe x2  
  100  8:34  Pylon  
  103  8:36  Pylon  
  103  8:40  Templar Archives  
  103  8:44  Robotics Facility  
  103  8:47  Robotics Facility  
  103  8:50  Shield Battery  
  103  8:51  Shield Battery  
  103  8:52  Zealot x3  
  103  8:53  Protoss Ground Weapons Level 2, Zealot x4  
  98  9:05  Psionic Storm  
  96  9:20  Pylon  
  96  9:21  Pylon  
  96  9:22  Pylon  
  96  9:29  Probe x3  
  96  9:31  Warp Prism  
  85  9:32  Immortal  
  81  9:42  Nexus  
  81  9:44  Assimilator  
  81  9:45  High Templar x5  
  87  9:46  High Templar  
  87  9:48  Assimilator  
  93  9:53  Pylon  
  93  9:56  Pylon  
  93  9:58  Pylon  
  91  10:00  Zealot x3  
  91  10:07  Immortal  
  91  10:18  Zealot x3  
  91  10:19  Zealot x3  
  94  10:30  Zealot x2  
  94  10:31  Zealot  
  82  10:45  Zealot x4  
  67  11:01  Zealot x5  
  58  11:18  Archon x2  
  54  11:19  Zealot x3  
  54  11:20  Zealot  
  52  11:26  High Templar x3  
  52  11:27  High Templar x2  
  52  11:32  Gateway  
Tags
 
Add a new tag
Caveats
  • Supply blocks, unpowered buildings, or Contaminate may cause inaccurate times.
  • Supply counts are checked every 10 seconds.